 Dungeon Crawl Stone Soup version 0.28-a0-1152-g9c71ebef14 (webtiles) character file.

Game seed: 6556040769807251001

341 spaghetti the Skirmisher (level 6, -5/51 HPs)
             Began as a Mummy Delver on Dec 14, 2021.
             Blown up by Ijyb (15 damage)
             ... with a mindburst bolt
             ... on level 5 of the Dungeon.
             The game lasted 00:02:22 (1552 turns).

spaghetti the Skirmisher (Mummy Delver)             Turns: 1552, Time: 00:02:23

Health: -5/51      AC:  3    Str: 17    XL:     6   Next: 30%
Magic:  6/6        EV:  9    Int:  9    God:
Gold:   56         SH: 10    Dex: 14    Spells: 5/5 levels left

rFire   x . .      SeeInvis .   g - +2 dagger (protect) {short}
rCold   + . .      Faith    .   h - +2 kite shield
rNeg    + + +      Spirit   .   b - +0 leather armour
rPois   ∞          Reflect  .   (no helmet)
rElec   .          Harm     .   (no cloak)
rCorr   .          Rampage  .   (no gloves)
Will    .....                   (no boots)
Stlth   ++........              (no amulet)
HPRegen 0.17/turn               (no ring)
MPRegen 0.10/turn               (no ring)

@: no status effects
A: cold resistance 1, negative energy resistance 3, torment resistance 2, heat
vulnerability 1, no potions
a: no special abilities


You were on level 5 of the Dungeon.
You visited 1 branch of the dungeon, and saw 2 of its levels.

You collected 56 gold pieces.


Innate Abilities, Weirdness & Mutations

You are immune to poison.
Your flesh is cold resistant. (rC+)
You are immune to negative energy. (rN+++)
You are immune to unholy pain and torment.
You are vulnerable to heat. (rF-)
You do not drink.


   Skills:
 + Level 5.5 Fighting
 + Level 2.7(3.0) Short Blades
 - Level 1.5(2.4) Long Blades
 - Level 1.5 Dodging
 - Level 4.1 Stealth
 + Level 1.8 Shields


You had 5 spell levels left.
You didn't know any spells.
Your spell library contained the following spells:

 Spells                   Type           Power      Damage    Failure   Level
 Sting                    Tmut/Pois      0%         1d3       95%         1
 Poisonous Vapours        Pois/Air       0%         N/A       99%         2
 Olgreb's Toxic Radiance  Pois           0%         N/A       100%        4

Inventory:

Hand Weapons
 a - a +0 falchion {long}
 g - a +2 dagger of protection (weapon) {short}
   (You found it on level 6 of the Dungeon)
Missiles
 j - 60 stones (quivered) {throwing}
 l - 13 arrows
Armour
 b - a +0 leather armour (worn)
 h - a +2 kite shield (worn)
   (You found it on level 5 of the Dungeon)
Magical Staves
 k - a staff of fire {!astaff}
   (You found it on level 5 of the Dungeon)
Wands
 f - a wand of digging (3)
 m - a wand of flame (14)
   (You found it on level 5 of the Dungeon)
Scrolls
 c - a scroll of fog
 d - a scroll of magic mapping {!r}
 e - a scroll of fear

Dungeon Overview and Level Annotations

Branches:
Dungeon (6/15)
 Temple: D:4-7

Altars:
Sif Muna
Uskayaw

Annotations:
D:5 Ijyb

##### #.##..#### ###...#
#.##.....#
..#...####.##.###.###.###
..'............>.........
..#...##......#.#.###.##
..#...##.#.#..#.#......#
..#...##.#.#..#.#####..#
###...##.#.#..#.#####..#
# #...##.#.#..#.@g.....#
# ######.#.#..#.####....
###### #.#.#..... #
.....# #.#.##.#.# .....#
..#..#.# .....# ###. #.#
.....# # ..# ####.# ## #
#.#


You could see Ijyb.


Message History

It is a scroll of amnesia.
You feel forgetful for a moment.
Found a stone staircase leading down.
Ijyb the Twisted Goblin comes into view.
She is wielding a +0 club and carrying a wand of mindburst (19).
Ijyb shouts!
You completely miss Ijyb. You block Ijyb's attack.
You closely miss Ijyb.
Ijyb zaps a wand.
You struggle to resist.
Unknown command.
You hit Ijyb but do no damage.
Your weapon exudes an aura of protection.
Ijyb hits you but does no damage.
Your shield prevents you from hitting Ijyb.
Ijyb zaps a wand.
Your mind is blasted!
Ijyb screams, "Die!"
Ijyb zaps a wand.
You struggle to resist. 😕 HP[-1]
You take 1 damage, and now have 50/51 hp.
You hit Ijyb.
Ijyb zaps a wand.
Your mind is blasted! 😮 HP[-17]
You take 17 damage, and now have 33/51 hp.
MASSIVE DAMAGE!! (PAUSE)
You hit Ijyb but do no damage. Ijyb hits you but does no damage.
Unknown command.
You hit Ijyb. Ijyb hits you with a +0 club. 😮 HP[-5]
You take 5 damage, and now have 28/51 hp.
You hit Ijyb but do no damage. Ijyb barely misses you. 😮 HP[+1]
Aiming: Corrosive Bolt
Press: ? - help, Shift-Dir - straight line, f - Ijyb
Aim: Ijyb, wielding a +0 club, wearing a +0 leather armour and carrying a wand of mindburst (15) (moderately wounded, 64% to hit)
The bolt of acid hits Ijyb!
The now-empty wand crumbles to dust.
Ijyb screams, "Me stronger than you!" Ijyb barely misses you.
You hit Ijyb but do no damage.
Ijyb zaps a wand.
Your mind is blasted!
* * * LOW HITPOINT WARNING * * *
😨 HP[-5]
You take 5 damage, and now have 24/51 hp.
Unknown command.
Okay, then.
Unknown command.
You can't drink.
Okay, then.
You closely miss Ijyb.
Ijyb zaps a wand.
You struggle to resist.
Unknown command.
Unknown command.
You hit Ijyb. Ijyb hits you but does no damage.
Your shield prevents you from hitting Ijyb.
Ijyb zaps a wand.
Your mind is blasted!
* * * LOW HITPOINT WARNING * * *
😨 HP[-7]
You take 7 damage, and now have 17/51 hp.
Unknown command.
Unknown command.
You completely miss Ijyb. Ijyb closely misses you.
Ijyb screams, "Level is mine!
All mine!"
Ijyb zaps a wand.
Your mind is blasted!
* * * LOW HITPOINT WARNING * * *
😨 HP[-4]
You take 4 damage, and now have 13/51 hp.
Unknown command.
Aiming: Throw Flame
Press: ? - help, Shift-Dir - straight line, f/p - Ijyb
Aim: Ijyb, wielding a +0 club, wearing a +0 leather armour and carrying a wand of mindburst (11) (severely wounded, 60% to hit)
The puff of flame hits Ijyb.
Ijyb screams, "It's all mine!"
Ijyb zaps a wand.
Your mind is blasted!
* * * LOW HITPOINT WARNING * * *
😱 HP[-3]
You take 3 damage, and now have 10/51 hp.
Unknown command.
Unknown command.
Aiming: Throw Flame
Press: ? - help, Shift-Dir - straight line, f/p - Ijyb
Aim: Ijyb, wielding a +0 club, wearing a +0 leather armour and carrying a wand of mindburst (10) (severely wounded, 60% to hit)
The puff of flame hits Ijyb.
Ijyb completely misses you.
Aiming: Throw Flame
Press: ? - help, Shift-Dir - straight line, f/p - Ijyb
Aim: Ijyb, wielding a +0 club, wearing a +0 leather armour and carrying a wand of mindburst (10) (almost dead, 60% to hit)
The puff of flame misses Ijyb.
You block Ijyb's attack.
Aiming: Throw Flame
Press: ? - help, Shift-Dir - straight line, f/p - Ijyb
Aim: Ijyb, wielding a +0 club, wearing a +0 leather armour and carrying a wand of mindburst (10) (almost dead, 60% to hit)
The puff of flame hits Ijyb.
Ijyb zaps a wand.
Your mind is blasted!
You die...

Skill      XL: |  1  2  3  4  5 |
---------------+----------------+-----
Fighting       | 4 5 |  5.5
Short Blades   | 1 2 |  2.7
Shields        | 1 |  1.8
Long Blades    | |  1.5
Dodging        | |  1.5
Stealth        | |  4.1

Action                   |  1- 3 |  4- 6 || total
-------------------------+-------+-------++-------
Melee: Falchion          |     9 |       ||     9
       Dagger            |    22 |    72 ||    94
Evoke: Wand              |       |    11 ||    11
  Use: Scroll            |       |     1 ||     1
 Stab: Sleeping          |       |     3 ||     3
Armor: Leather armour    |    13 |    29 ||    42
Dodge: Dodged            |    23 |    25 ||    48
Block: Kite shield       |       |    20 ||    20

Levels and vault maps discovered:
D:5:      layout_basic, lemuel_coloured_pillars_altar, uniq_ijyb
D:6:      layout_basic, mainiacjoe_overflow_boulevard, lemuel_crystal_altar

Notes
Turn   | Place    | Note
-------+----------+-------------------------------------------
     0 | D:5      | spaghetti the Mummy Delver began the quest for the Orb.
     0 | D:5      | Reached XP level 1. HP: 18/18 MP: 1/1
     0 | D:5      | magus.rc [v1.9.6]
     1 | D:6      | Noticed a hound
    13 | D:6      | Killed a hound
    14 | D:6      | Reached skill level 4 in Fighting
    14 | D:6      | Reached XP level 2. HP: 12/25 MP: 2/2
    14 | D:6      | Reached XP level 3. HP: 14/30 MP: 3/3
   170 | D:6      | Found a hide-covered altar of Uskayaw.
   390 | D:6      | Reached skill level 1 in Short Blades
   390 | D:6      | Reached XP level 4. HP: 33/38 MP: 4/4
   486 | D:6      | Noticed an ice beast
   664 | D:5      | Reached skill level 5 in Fighting
   665 | D:5      | Reached skill level 2 in Short Blades
   665 | D:5      | Reached XP level 5. HP: 21/44 MP: 5/5
   669 | D:5      | HP: 11/44 [orc (6)]
   674 | D:5      | Reached skill level 1 in Shields
  1057 | D:5      | Found a shimmering blue altar of Sif Muna.
  1220 | D:5      | You add the spells Sting, Poisonous Vapours and Olgreb's
                  | Toxic Radiance to your library.
  1296 | D:5      | Noticed a necrophage
  1316 | D:5      | Killed a necrophage
  1317 | D:5      | Reached XP level 6. HP: 42/51 MP: 6/6
  1533 | D:5      | Noticed Ijyb
  1549 | D:5      | HP: 10/51 [disintegration (3)]
  1552 | D:5      | Blown up by Ijyb

Vanquished Creatures
  A necrophage (D:5)
  A jelly (D:5)
  A bullfrog zombie (D:6)
  An orc priest (D:5)
  2 hounds
  2 iguanas (D:5)
  A killer bee zombie (D:6)
  A hound skeleton (D:5)
  A white imp (D:6)
  An ufetubus (D:5)
  2 orcs (D:5)
14 creatures vanquished.

Table legend:
 A = Non-vault XP
 B = Vault XP
 C = Vault XP percentage of total XP
 D = Non-vault monster count
 E = Vault monster count
 F = Vault count percentage of total count
                 A         B        C        D         E       F
            +---------+---------+-------+---------+---------+-------
      Total |     488 |       0 |   0.0 |      14 |       0 |   0.0
            +---------+---------+-------+---------+---------+-------
        D:5 |     364 |       0 |   0.0 |      10 |       0 |   0.0
        D:6 |     124 |       0 |   0.0 |       4 |       0 |   0.0
            +---------+---------+-------+---------+---------+-------

Illustrated notes

Table legend:
 A = Kills in this place as a percentage of kills in entire the game.
 B = Kills by you in this place as a percentage of kills by you in the entire game.
 C = Kills by friends in this place as a percentage of kills by friends in the entire game.
 D = Other kills in this place as a percentage of other kills in the entire game.
 E = Experience gained in this place as a percentage of experience gained in the entire game.
 F = Experience gained in this place divided by the number of levels of this place that you have seen.
                   A       B       C       D       E      F
               +-------+-------+-------+-------+-------+----------------------
         Total | 100.0 | 100.0 |   N/A |   N/A | 100.0 | 244.0
       Dungeon | 100.0 | 100.0 |   N/A |   N/A | 100.0 | 244.0
               +-------+-------+-------+-------+-------+----------------------

Table legend: (Time is in decaauts)
 A = Elapsed time spent in this place.
 B = Non-inter-level travel time spent in this place.
 C = Inter-level travel time spent in this place.
 D = Time resting spent in this place.
 E = Time spent auto-exploring this place.
 F = Levels seen in this place.
 G = Mean time per level.
                   A        B        C        D        E       F      G
               +--------+--------+--------+--------+--------+-----+--------+
         Total |   1556 |   1556 |      0 |    529 |    804 |   2 |  778.0 |
       Dungeon |   1556 |   1556 |      0 |    529 |    804 |   2 |  778.0 |
               +--------+--------+--------+--------+--------+-----+--------+

Top non-repeatable levels by time:
     D:5: 1029 daAuts
     D:6: 527 daAuts
